 Dungeon Crawl Stone Soup version 0.30.0-29-ga12c61a403 (webtiles) character file.

Game seed: 15340402841517403041

60 qw the Chopper (level 4, -1/28 HPs)
             Began as a Gargoyle Fighter on June 5, 2023.
             Killed from afar by Natasha (8 damage)
             ... with a magic dart
             ... on level 2 of the Dungeon.
             The game lasted 00:00:34 (1029 turns).

qw the Chopper (Gargoyle Fighter)                   Turns: 1029, Time: 00:00:35

Health: -1/28      AC: 11    Str: 22    XL:     4   Next: 4%
Magic:  4/4        EV:  9    Int:  8    God:
Gold:   68         SH:  4    Dex:  9    Spells: 3/3 levels left

rFire   . . .        Y - +0 war axe
rCold   . . .        c - +0 buckler
rNeg    + . .        b - +0 scale mail
rPois   inf          (no helmet)
rElec   +            g - +0 cloak
rCorr   .            (no gloves)
SInv    .            (no boots)
Will    .....        (no amulet) Stlth
                     (no ring)
HPRegen 0.24/turn    (no ring)
MPRegen 0.09/turn

%: no passive effects
@: about to teleport, slowed, very slow
A: sickness immunity, AC +3, negative energy resistance 1, electricity
resistance, torment resistance 1, petrification resistance
a: no special abilities


You were on level 2 of the Dungeon.
You visited 1 branch of the dungeon, and saw 2 of its levels.

You collected 85 gold pieces.
You spent 17 gold pieces at shops.


Innate Abilities, Weirdness & Mutations

You are immune to sickness and miasma.
Your stone body is resilient. (AC +3)
You are immune to poison.
You resist negative energy. (rN+)
You are resistant to electric shocks. (rElec)
You are resistant to unholy torment.
You are immune to petrification.


   Skills:
 - Level 3.2 Fighting
 + Level 3.8 Axes
 - Level 3.2 Armour
 - Level 3.2 Shields


You had 3 spell levels left.
You didn't know any spells.
Your spell library was empty.

Inventory:

Hand Weapons
 e - a +0 whip
 Y - a +0 war axe (weapon)
Armour
 b - a +0 scale mail (worn)
 c - a +0 buckler (worn)
 g - a +0 cloak (worn)
Scrolls
 f - a scroll of blinking {unknown}
 i - a scroll of silence {unknown}
Potions
 d - a potion of might
 h - a potion of haste {unknown}

Dungeon Overview and Level Annotations

Branches:
Dungeon (2/15)

Altars:

Shops:
D:1 *

Annotations:
D:2 Natasha


Message History

You now have 68 gold pieces (gained 10).
Natasha, Servant of Life and Death comes into view.
She is carrying a wand of flame (16).
Natasha hisses angrily.
Natasha zaps a wand.
The puff of flame hits you but does no damage.
Enter note:
Enter note:
Enter note:
Enter note:
1021 ||| Stepping ~*~*~tactically~*~*~ (hiding).
You start waiting.
Natasha stares at you and mumbles some strange words.
The magic dart hits you.
Natasha stares at you and mumbles some strange words.
You feel yourself slow down.
Found a stone staircase leading down.
Natasha claws you.
Enter note:
Enter note:
Enter note:
Enter note: You barely miss Natasha.
Natasha claws you!
Natasha stares at you and mumbles some strange words.
You feel as though you will be slow longer.
You miss Natasha. Natasha claws you but does no damage. Natasha claws you!
You barely miss Natasha. You block Natasha's attack.
Natasha claws you but does no damage.
You closely miss Natasha. Natasha casts a spell at you.
The magic dart hits you. Natasha casts a spell at you.
You feel as though you will be slow longer.
1029 ||| READING scroll of teleportation.
As you read the scroll of teleportation, it crumbles to dust.
You feel strangely unstable. Natasha casts a spell at you.
The magic dart hits you!
You die...

###.#..#+####.####
#.....#######.
.......<.........#
#.....#####...
..............##.#
..........##
######.........#.#
..........# #....####.#.#
.........# #....+....#.#
.........# #....######.#
.........# #....######.#
.........# ......+.....@#
###......#
.###...#####..h.....>+......#
#...# ##....#####......#
#....# #....# .....# ##...#
...#


You could see Natasha.

Vanquished Creatures
  3 adders (D:2)
  A dart slug (D:1)
  A worm (D:2)
  3 ball pythons
  4 goblins
  A hobgoblin (D:1)
  5 kobolds
  A quokka (D:1)
  3 bats
  4 frilled lizards
  8 rats
34 creatures vanquished.

Notes
Turn   | Place    | Note
-------+----------+-------------------------------------------
     0 | D:1      | qw the Gargoyle Fighter began the quest for the Orb.
     0 | D:1      | Reached XP level 1. HP: 14/14 MP: 1/1
     0 | D:1      | 0 ||| qw: Version: 0.2-a-108-gee2c290
     0 | D:1      | 0 ||| qw: Game counter: 1340
     0 | D:1      | 0 ||| qw: Always use a shield: true
     0 | D:1      | 0 ||| qw: God list: Okawaru
     0 | D:1      | 0 ||| qw: Allow faded altars: false
     0 | D:1      | 0 ||| qw: Do Orc after D:15 true
     0 | D:1      | 0 ||| qw: Do second Lair branch before Depths: true
     0 | D:1      | 0 ||| qw: Lair rune preference: random
     0 | D:1      | 0 ||| qw: Plans: Normal, Zot:1-4, Slime:5, God:TSO, Crypt,
                  | Tomb, Abyss, Pan, Hells, Win
     0 | D:1      | 0 ||| PLANNING D:1-11
    66 | D:1      | 66 ||| Stepping ~*~*~tactically~*~*~ (stealth).
   176 | D:1      | Reached XP level 2. HP: 19/19 MP: 2/2
   232 | D:1      | Found Mezilaas's Assorted Antiques.
   244 | D:1      | 244 ||| SHOPLISTING runed leather armour (85 gold, have
                  | 18).
   244 | D:1      | 244 ||| BUYING scroll labelled JENAYKK EWKOST (17 gold).
   244 | D:1      | Bought a scroll labelled JENAYKK EWKOST for 17 gold pieces
   244 | D:1      | 244 ||| SHOPLISTING scroll labelled LESE VAUZOA (17 gold,
                  | have 1).
   244 | D:1      | 244 ||| SHOPLISTING scroll labelled MEKUNG FUFA (17 gold,
                  | have 1).
   244 | D:1      | 244 ||| SHOPLISTING scroll labelled MUOLIDY BAM JOI (17
                  | gold, have 1).
   244 | D:1      | 244 ||| SHOPLISTING whip (42 gold, have 1).
   323 | D:1      | 323 ||| Stepping ~*~*~tactically~*~*~ (hiding).
   324 | D:1      | 324 ||| Stepping ~*~*~tactically~*~*~ (hiding).
   326 | D:1      | 326 ||| Stepping ~*~*~tactically~*~*~ (hiding).
   351 | D:1      | 351 ||| Stepping ~*~*~tactically~*~*~ (stealth).
   525 | D:1      | Reached skill level 3 in Axes
   693 | D:1      | 693 ||| UPGRADING to +0 cloak.
   698 | D:1      | 698 ||| READING 2 scrolls labelled SUYLYDW ZOFO.
   702 | D:1      | 702 ||| READING scroll labelled JENAYKK EWKOST.
   703 | D:1      | 703 ||| READING scroll labelled LESE VAUZOA.
   734 | D:2      | 734 ||| Stepping ~*~*~tactically~*~*~ (hiding).
   741 | D:2      | Reached XP level 3. HP: 22/23 MP: 3/3
   882 | D:2      | 882 ||| Stepping ~*~*~tactically~*~*~ (stealth).
   937 | D:2      | Reached XP level 4. HP: 24/28 MP: 4/4
  1020 | D:2      | Noticed Natasha
  1021 | D:2      | 1021 ||| Stepping ~*~*~tactically~*~*~ (hiding).
  1028 | D:2      | HP: 6/28 [Natasha/magic dart (3)]
  1029 | D:2      | 1029 ||| READING scroll of teleportation.
  1029 | D:2      | Killed from afar by Natasha

Levels and vault maps discovered:
D:1:      saegor_arrival_simple_e, layout_basic, serial_shops, shop
D:2:      minmay_chambers_of_ones, layout_basic, uniq_natasha

Skill      XL: |  1  2 |
---------------+-------+-----
Axes           | 2 3 |  3.8
Fighting       | |  3.2
Armour         | |  3.2
Shields        | |  3.2

Action                     |  1- 3 |  4- 6 || total
---------------------------+-------+-------++-------
  Melee: War axe           |    83 |     7 ||    90
    Use: Scroll            |     3 |     1 ||     4
 Armour: Scale mail        |    55 |     3 ||    58
  Dodge: Dodged            |    30 |       ||    30
  Block: Buckler           |    12 |     1 ||    13

Table legend:
 A = Non-vault XP
 B = Vault XP
 C = Vault XP percentage of total XP
 D = Non-vault monster count
 E = Vault monster count
 F = Vault count percentage of total count
                 A         B        C        D         E       F
            +---------+---------+-------+---------+---------+-------
      Total |      86 |       0 |   0.0 |      34 |       0 |   0.0
            +---------+---------+-------+---------+---------+-------
        D:1 |      33 |       0 |   0.0 |      21 |       0 |   0.0
        D:2 |      53 |       0 |   0.0 |      13 |       0 |   0.0
            +---------+---------+-------+---------+---------+-------
